 Dungeon Crawl Stone Soup version 0.19-a0-457-gbba3dae (webtiles) character file.

519 AlphabetPasta the Ducker (level 7, -3/41 HPs)
             Began as a Deep Elf Chaos Knight on June 1, 2016.
             Slain by an ogre
             ... wielding a +0 giant club
              (31 damage)
             ... on level 5 of the Dungeon.
             The game lasted 00:17:05 (2968 turns).

AlphabetPasta the Ducker (Deep Elf Chaos Knight)    Turns: 2968, Time: 00:17:06

Health: -3/41      AC:  7    Str:  9    XL:     7   Next: 1%
Magic:  14/14      EV: 14    Int: 18    God:    Xom [...*..]
Gold:   332        SH:  0    Dex: 15    Spells: 1 memorised, 11 levels left

rFire  . . .     SeeInvis .     a - +1 short sword (chaos)
rCold  . . .     Gourm    .     b - +2 leather armour
rNeg   . . .     Faith    .     (no shield)
rPois  .         Spirit   .     (no helmet)
rElec  .         Dismiss  .     (no cloak)
rCorr  .         Reflect  .     n - +1 pair of gloves
SustAt .         Harm     .     (no boots)
MR     .....                    (no amulet)
Stlth  +++.......               (no ring)
                                l - ring of stealth

@: not resistant to hostile enchantments, fairly stealthy
A: no striking features
a: Renounce Religion


You were on level 5 of the Dungeon.
You worshipped Xom.
You were a favourite toy of Xom.
You were not hungry.

You visited 1 branch of the dungeon, and saw 5 of its levels.

You collected 332 gold pieces.

Inventory:

Hand Weapons
 a - a +1 short sword of chaos (weapon)
Armour
 b - a +2 leather armour (worn)
 n - a +1 pair of gloves (worn)
Magical Staves
 j - an uncursed staff of cold
Jewellery
 l - a ring of stealth (left hand)
Wands
 o - a wand of heal wounds (2/9)
Scrolls
 e - a scroll of enchant weapon
 f - a scroll of recharging
 g - 4 scrolls of identify
 h - 2 scrolls of fear
 k - 2 scrolls of amnesia
 q - 3 scrolls of remove curse
Books
 d - an Akashic Record

   Spells                             Type                      Level
   a - Dispersal                      Translocation                6
   b - Malign Gateway                 Summoning/Translocation      7
   c - Disjunction                    Translocation                8
   d - Controlled Blink               Translocation                8
 i - a book of Burglary

   Spells                             Type                      Level
   a - Swiftness                      Charms/Air                   2
   b - Passwall                       Transmutation/Earth          2
   c - Passage of Golubria            Translocation                4
   d - Lee's Rapid Deconstruction     Earth                        5
   e - Darkness                       Hexes                        6
   f - Invisibility                   Hexes                        6
Comestibles
 c - 3 bread rations
 p - 3 fruits
 r - 6 chunks of flesh
 u - 2 beef jerkies
 w - 2 meat rations


   Skills:
 + Level 3.4 Fighting
 + Level 4.3 Short Blades
 + Level 2.4 Armour
 + Level 4.3 Dodging
 + Level 3.1 Stealth
 + Level 3.5 Spellcasting
 + Level 0.8 Charms
 + Level 0.4 Air Magic


You had 11 spell levels left.
You knew the following spells:

 Your Spells              Type           Power        Failure   Level  Hunger
a - Swiftness             Chrm/Air       #.......     30%         2    ##.....


Dungeon Overview and Level Annotations

Branches:
Dungeon (5/15)             Temple (0/1) D:4

Altars:
Cheibriados
Ru
Xom


Message History

You feel much better.
This wand has 2 charges left.
You hit the kobold.
You kill the kobold!
The ogre seems less confused.
You hit the orc but do no damage.
The orc is almost dead.
You puncture the ogre! You burn the ogre.
The ogre is severely wounded.
The orc cries.
The ogre barely misses you.
You barely miss the ogre.
The ogre is severely wounded.
The ogre hits you with a giant club!
You hit the ogre. You freeze the ogre.
The ogre is severely wounded.
You hit the ogre.
The ogre is poisoned.
The ogre is almost dead.
The ogre hits you with a giant club!!
Ouch! That really hurt!
You die...

..........#
..........).# ##
............# .##
............#
))#####.............#
...)................#
....##+###....o.....#
##### #......O...#
..... #......@...#
...# #..........#
...# #..........#
..... #..........#
..... #..........#
##### #..........#
....# #..........#
....+ #..........#
....# +..........#


You could see an ogre and an orc (confused).

Vanquished Creatures
  2 scorpions (D:4)
  A crimson imp (D:5)
  A hound (D:5)
  An orc priest (D:5)
  Jessica (D:2)
  Ijyb (D:2)
  3 orc wizards
  2 worker ants (D:5)
  5 adders
  An ooze (D:3)
  4 worms
  A dart slug (D:1)
  3 giant geckos
  9 orcs
  A ball python (D:4)
  6 bats
  5 giant cockroaches
  8 goblins
  5 hobgoblins
  8 jackals
  12 kobolds
  2 quokkas (D:2)
  4 giant newts
  8 rats
94 creatures vanquished.

Vanquished Creatures (collateral kills)
  2 bats (D:2)
2 creatures vanquished.

Grand Total: 96 creatures vanquished

Notes
Turn   | Place    | Note
--------------------------------------------------------------
     0 | D:1      | AlphabetPasta the Deep Elf Chaos Knight began the quest for the Orb.
     0 | D:1      | Reached XP level 1. HP: 13/13 MP: 3/3
    27 | D:1      | Reached skill level 1 in Armour
    55 | D:1      | Reached XP level 2. HP: 16/18 MP: 3/5
    93 | D:1      | Found a shimmering altar of Xom.
    97 | D:1      | Reached skill level 1 in Spellcasting
   441 | D:1      | XOM: noise
   598 | D:1      | XOM: silly message
   645 | D:1      | You are sucked into a shaft!
   664 | D:2      | Reached skill level 1 in Stealth
   664 | D:2      | Reached XP level 3. HP: 22/22 MP: 5/7
   691 | D:2      | XOM: god gift: scroll labeled OKKAN ALIROAM {god gift}
   744 | D:2      | Noticed Jessica
   751 | D:2      | Killed Jessica
   804 | D:2      | Found a shimmering altar of Xom.
   808 | D:2      | Found a sacrificial altar of Ru.
   832 | D:2      | Noticed Ijyb
   838 | D:2      | XOM: god gift: scroll labeled PICAMU XECEB {god gift}
   850 | D:2      | Killed Ijyb
   850 | D:2      | Reached XP level 4. HP: 14/27 MP: 7/9
   865 | D:2      | XOM: butterfly on damage
  1062 | D:2      | XOM: enchant monster (bad)
  1135 | D:2      | XOM: god gift: blackened copper wand {god gift}
  1137 | D:2      | XOM: god gift: 35 gold pieces {god gift}
  1149 | D:2      | XOM: enchant monster (good)
  1194 | D:2      | XOM: confusion
  1545 | D:3      | XOM: enchant monster (good)
  1605 | D:3      | Reached XP level 5. HP: 21/32 MP: 10/10
  2163 | D:3      | XOM: vitrification
  2250 | D:4      | Found a staircase to the Ecumenical Temple.
  2302 | D:4      | XOM: 2-stop teleportation journey
  2365 | D:4      | Reached XP level 6. HP: 37/37 MP: 12/12
  2635 | D:4      | Found a snail-covered altar of Cheibriados.
  2753 | D:5      | Entered Level 5 of the Dungeon
  2764 | D:5      | Learned a level 2 spell: Swiftness
  2946 | D:5      | Reached XP level 7. HP: 19/41 MP: 14/14
  2953 | D:5      | XOM: confuse monster(s)
  2968 | D:5      | Slain by an ogre

Vault maps used:
D:1:      minmay_arrival_four_houses, xom_teletrap_fun
D:2:      grunt_temple_overflow_open, first_bread,
          minmay_misc_feat_four_crosses, uniq_iyjb, uniq_jessica
D:3:      grunt_ministairs_7, roderic_curled_sauvastika
D:4:      cheibriados_altar_1, hex_tiny
D:5:      marbit_many_paths, serial_shops, shop, trog_eyes_of_draining

Skill      XL: |  1  2  3  4  5  6 |
---------------+-------------------+-----
Armour         | 1 2 |  2.4
Spellcasting   | 1 2 3 |  3.5
Stealth        | 1 2 3 |  3.1
Dodging        | 3 4 |  4.3
Fighting       | 3 |  3.4
Short Blades   | 4 |  4.3
Charms         | |  0.8
Air Magic      | |  0.4

Action                   |  1- 3 |  4- 6 |  7- 9 || total
-------------------------+-------+-------+-------++-------
Melee: Short sword       |    91 |   256 |     8 ||   355
Evoke: Wand              |       |     3 |     1 ||     4
  Use: Potion            |     4 |     1 |       ||     5
       Scroll            |     1 |    12 |       ||    13
 Stab: Sleeping          |     3 |     9 |       ||    12
       Petrifying        |       |     2 |       ||     2
       Paralysed         |       |     4 |       ||     4
  Eat: Chunk             |       |     6 |       ||     6
       Pizza             |       |     1 |       ||     1
Armor: Leather armour    |    28 |    56 |     1 ||    85
Dodge: Dodged            |    57 |   156 |     5 ||   218
